| TOP OF THE 1ST |
|
St. Cloud Rox batting - Pitching for Sioux Falls Packers : RHP Joe Johnson
|
|
Pitching: RHP Joe Johnson
|
|
|
Batting: LHB Doran Perdue
|
0-0: Called Strike 0-1: Ball 1-1: Called Strike 1-2: SINGLE (Line Drive, 78S, EV 108.1 MPH)
|
|
Batting: RHB Dennis Sherrill
|
0-0: Ball 1-0: Swinging Strike 1-1: Foul Ball, location: 2F 1-2: Ball 2-2: Strikes out swinging
|
|
Batting: SHB R J Reynolds
|
0-0: Ball Doran Perdue steals 2nd base 1-0: Ball 2-0: Foul Ball, location: 2F 2-1: Called Strike 2-2: Foul Ball, location: 2F 2-2: Strikes out looking
|
|
Batting: LHB Curtis Morgan
|
0-0: Swinging Strike 0-1: Ball 1-1: Called Strike 1-2: Ball 2-2: SINGLE (Groundball, 34D, EV 97.5 MPH) Doran Perdue to third Runner from 3rd tries for Home, SAFE, throw by RF to home Curtis Morgan to second
|
|
Batting: RHB Bill Worden
|
0-0: Foul Ball, location: 2F 0-1: Swinging Strike 0-2: Ball 1-2: Foul Ball, location: 2F 1-2: Ball 2-2: Strikes out looking
|
| Top of the 1st over - 1 run, 2 hits, 0 errors, 1 left on base; St. Cloud 1 - Sioux Falls 0 |
| BOTTOM OF THE 1ST |
|
Sioux Falls Packers batting - Pitching for St. Cloud Rox : LHP William Eason
|
|
Pitching: LHP William Eason
|
|
|
Batting: SHB Craig Smajstrla
|
0-0: Ball 1-0: Ball 2-0: Ball 3-0: Base on Balls
|
|
Batting: RHB Daniel Gausepohl
|
0-0: Ball 1-0: Ball 2-0: DOUBLE (Flyball, 9LD, EV 90.6 MPH) Craig Smajstrla to third
|
|
Batting: RHB Gregory Norman
|
0-0: Ball 1-0: Ball 2-0: Ball 3-0: Base on Balls
|
|
Batting: RHB Bill Lindsey
|
0-0: Ball 1-0: Ball 2-0: Ball 3-0: Called Strike 3-1: Base on Balls Craig Smajstrla scores Daniel Gausepohl to third Gregory Norman to second
|
|
Batting: RHB Danny Huffstickler
|
0-0: Called Strike 0-1: Foul Ball, location: 2F 0-2: SINGLE (Groundball, 6MD, EV 99.4 MPH) Daniel Gausepohl scores Gregory Norman to third Bill Lindsey to second Runner from 3rd tries for Home, SAFE, throw by CF to home
|
|
Batting: RHB Javier Flores
|
0-0: Ball 1-0: Swinging Strike 1-1: Called Strike 1-2: SINGLE (Line Drive, 34D, EV 98.1 MPH) Bill Lindsey to third Danny Huffstickler to second
|
|
Batting: RHB Kenneth Clayton
|
0-0: Ball 1-0: Fly out, F9 (Flyball, 89XD, EV 93.8 MPH) Runner from 3rd tags up, SCORES, no throw by RF
|
|
Batting: RHB Francisco Perez
|
0-0: Foul Ball, location: 2F 0-1: Called Strike Danny Huffstickler steals 3rd base Javier Flores to second 0-2: Strikes out swinging
|
|
Batting: LHB Michael Robbins
|
0-0: Called Strike 0-1: Foul Ball, location: 2F 0-2: Fly out, F6 (Popup, 6MD, EV 72.5 MPH)
|
| Bottom of the 1st over - 4 runs, 3 hits, 0 errors, 2 left on base; St. Cloud 1 - Sioux Falls 4 |
| TOP OF THE 2ND |
|
St. Cloud Rox batting - Pitching for Sioux Falls Packers : RHP Joe Johnson
|
|
Batting: RHB Ron Gooch
|
0-0: Ball 1-0: Ball 2-0: Ball 3-0: Called Strike 3-1: Base on Balls
|
|
Batting: RHB Domingos Maravilhas
|
0-0: Foul Ball, location: 2F 0-1: Ball 1-1: Foul Ball, location: 2F 1-2: Ball 2-2: Fly out, F7 (Flyball, 7S, EV 76.3 MPH)
|
|
Batting: RHB Carlos Amezcua
|
0-0: Ball 1-0: Called Strike 1-1: Foul Ball, location: 2F 1-2: Ball Ron Gooch steals 2nd base 2-2: Strikes out swinging
|
|
Batting: RHB Jack Hudson
|
0-0: Called Strike 0-1: Called Strike 0-2: Ball 1-2: Foul Ball, location: 2F 1-2: Ball Wild Pitch! Ron Gooch to third 2-2: Fly out, F6 (Popup, 56D, EV 52.5 MPH)
|
| Top of the 2nd over - 0 runs, 0 hits, 0 errors, 1 left on base; St. Cloud 1 - Sioux Falls 4 |
| BOTTOM OF THE 2ND |
|
Sioux Falls Packers batting - Pitching for St. Cloud Rox : LHP William Eason
|
|
Batting: SHB Craig Smajstrla
|
0-0: Ball 1-0: Ground out 4-3 (Groundball, 4M, EV 81.3 MPH)
|
|
Batting: RHB Daniel Gausepohl
|
0-0: Foul Ball, location: 2F 0-1: Foul Ball, location: 2F 0-2: Foul Ball, location: 2F 0-2: Ball 1-2: Ball 2-2: Ball 3-2: SOLO HOME RUN (Flyball, 7LD, EV 91.9 MPH), Distance : 342 ft
|
|
Batting: RHB Gregory Norman
|
0-0: Ball 1-0: Ball 2-0: Ball 3-0: Called Strike 3-1: Base on Balls
|
|
Batting: RHB Bill Lindsey
|
0-0: Foul Ball, location: 2F 0-1: Called Strike 0-2: Foul Ball, location: 2F 0-2: Ball 1-2: SINGLE (Groundball, 5D, EV 103.1 MPH) Gregory Norman to second
|
|
Batting: RHB Danny Huffstickler
|
0-0: Ball 1-0: Called Strike 1-1: Ball 2-1: Grounds into double play, 3-6-1 (Groundball, 34, EV 103.1 MPH)
|
| Bottom of the 2nd over - 1 run, 2 hits, 0 errors, 1 left on base; St. Cloud 1 - Sioux Falls 5 |
| TOP OF THE 3RD |
|
St. Cloud Rox batting - Pitching for Sioux Falls Packers : RHP Joe Johnson
|
|
Batting: LHB Doran Perdue
|
0-0: Ball 1-0: Ball 2-0: Foul Ball, location: 2F 2-1: Called Strike 2-2: SINGLE (Groundball, 4M, EV 82.5 MPH) (infield hit)
|
|
Batting: RHB Dennis Sherrill
|
0-0: Foul Ball, location: 2F 0-1: Foul Ball, location: 2F 0-2: Ball 1-2: SINGLE (Groundball, 23, EV 71.3 MPH) (infield hit) Doran Perdue to second
|
|
Batting: SHB R J Reynolds
|
0-0: Called Strike 0-1: Ground out 6-3 (Groundball, 6MS, EV 74.4 MPH) Doran Perdue to third Dennis Sherrill to second
|
|
Batting: LHB Curtis Morgan
|
0-0: Foul Ball, location: 2F 0-1: SINGLE (Line Drive, 89S, EV 108.1 MPH) Doran Perdue scores Dennis Sherrill to third
|
|
Batting: RHB Bill Worden
|
0-0: Fly out, F2 (Popup, 23F, EV 88.8 MPH)
|
|
Batting: RHB Ron Gooch
|
0-0: Ball 1-0: Ball 2-0: Swinging Strike 2-1: Ground out U3 (Groundball, 3S, EV 65.6 MPH)
|
| Top of the 3rd over - 1 run, 3 hits, 0 errors, 2 left on base; St. Cloud 2 - Sioux Falls 5 |
| BOTTOM OF THE 3RD |
|
Sioux Falls Packers batting - Pitching for St. Cloud Rox : LHP William Eason
|
|
Batting: RHB Javier Flores
|
0-0: Ball 1-0: Foul Ball, location: 2F 1-1: DOUBLE (Line Drive, 9D, EV 93.1 MPH)
|
|
Batting: RHB Kenneth Clayton
|
0-0: Ball 1-0: Called Strike 1-1: Called Strike 1-2: Strikes out swinging
|
|
Batting: RHB Francisco Perez
|
0-0: Ball 1-0: Foul Ball, location: 2F 1-1: Swinging Strike 1-2: SINGLE (Line Drive, 9S, EV 107.5 MPH) Javier Flores to third Runner from 3rd tries for Home, SAFE, throw by RF to home
|
|
Pitching: RHP Thomas Wertz
|
|
|
Batting: LHB Michael Robbins
|
0-0: Foul Ball, location: 2F 0-1: Ball 1-1: Ball 2-1: Foul Ball, location: 2F 2-2: Foul Ball, location: 2F 2-2: Reached on error, E5 (Groundball, 56, EV 105.0 MPH) Francisco Perez to second
|
|
Batting: SHB Craig Smajstrla
|
0-0: Ball 1-0: Ball 2-0: Foul Ball, location: 2F 2-1: Foul Ball, location: 2F 2-2: Fielders Choice at 2nd, 4-6 (Groundball, 4, EV 81.3 MPH) Francisco Perez to third
|
|
Batting: RHB Daniel Gausepohl
|
0-0: Fly out, F3 (Popup, 3S, EV 71.3 MPH)
|
| Bottom of the 3rd over - 1 run, 2 hits, 1 error, 2 left on base; St. Cloud 2 - Sioux Falls 6 |
| TOP OF THE 4TH |
|
St. Cloud Rox batting - Pitching for Sioux Falls Packers : RHP Joe Johnson
|
|
Batting: RHB Domingos Maravilhas
|
0-0: Ground out 4-3 (Groundball, 4S, EV 86.3 MPH)
|
|
Batting: RHB Carlos Amezcua
|
0-0: Called Strike 0-1: Foul Ball, location: 2F 0-2: Foul Ball, location: 2F 0-2: Ball 1-2: Ball 2-2: Foul Ball, location: 2F 2-2: Ball 3-2: Fly out, F7 (Flyball, 7D, EV 90.6 MPH)
|
|
Batting: RHB Jack Hudson
|
0-0: Ball 1-0: Ball 2-0: Called Strike 2-1: Fly out, F8 (Flyball, 78S, EV 87.5 MPH)
|
| Top of the 4th over - 0 runs, 0 hits, 0 errors, 0 left on base; St. Cloud 2 - Sioux Falls 6 |
| BOTTOM OF THE 4TH |
|
Sioux Falls Packers batting - Pitching for St. Cloud Rox : RHP Thomas Wertz
|
|
Batting: RHB Gregory Norman
|
0-0: Called Strike 0-1: Ball 1-1: Swinging Strike 1-2: Strikes out swinging
|
|
Batting: RHB Bill Lindsey
|
0-0: Ball 1-0: DOUBLE (Flyball, 8RXD, EV 105.6 MPH)
|
|
Batting: RHB Danny Huffstickler
|
0-0: Ball 1-0: Ball 2-0: Ball 3-0: Called Strike 3-1: Swinging Strike 3-2: Strikes out swinging
|
|
Batting: RHB Javier Flores
|
0-0: Swinging Strike 0-1: Swinging Strike 0-2: Ball 1-2: Ball 2-2: Strikes out swinging
|
| Bottom of the 4th over - 0 runs, 1 hit, 0 errors, 1 left on base; St. Cloud 2 - Sioux Falls 6 |
| TOP OF THE 5TH |
|
St. Cloud Rox batting - Pitching for Sioux Falls Packers : RHP Joe Johnson
|
|
Batting: LHB Doran Perdue
|
0-0: Ball 1-0: SINGLE (Groundball, 23, EV 66.3 MPH) (infield hit)
|
|
Batting: RHB Dennis Sherrill
|
0-0: Ball 1-0: Fielders Choice at 2nd, 5-4 (Groundball, 56S, EV 85.0 MPH)
|
|
Batting: SHB R J Reynolds
|
0-0: Ball 1-0: Swinging Strike 1-1: Ball 2-1: Ball 3-1: SINGLE (Groundball, 4MS, EV 60.6 MPH) (infield hit) Dennis Sherrill to second
|
|
Batting: LHB Curtis Morgan
|
0-0: Called Strike 0-1: Ball 1-1: Ball 2-1: Foul Ball, location: 2F 2-2: Ball 3-2: SINGLE (Line Drive, 9S, EV 108.1 MPH) Dennis Sherrill to third R J Reynolds to second Runner from 3rd tries for Home, SAFE, throw by RF to home
|
|
Batting: RHB Bill Worden
|
0-0: Called Strike 0-1: Ball 1-1: Foul Ball, location: 2F 1-2: Strikes out looking
|
|
Batting: RHB Ron Gooch
|
0-0: Ball 1-0: Swinging Strike 1-1: Fly out, F9 (Flyball, 9D, EV 98.1 MPH)
|
| Top of the 5th over - 1 run, 3 hits, 0 errors, 2 left on base; St. Cloud 3 - Sioux Falls 6 |
| BOTTOM OF THE 5TH |
|
Sioux Falls Packers batting - Pitching for St. Cloud Rox : RHP Thomas Wertz
|
|
Batting: RHB Kenneth Clayton
|
0-0: Ground out 6-3 (Groundball, 6, EV 86.3 MPH)
|
|
Batting: RHB Francisco Perez
|
0-0: TRIPLE (Flyball, 89XD, EV 92.5 MPH)
|
|
Batting: LHB Michael Robbins
|
0-0: Ball 1-0: Foul Ball, location: 2F 1-1: Fly out, F7 (Flyball, 7LM, EV 79.4 MPH) Runner from 3rd tags up, SCORES, throw by LF
|
|
Batting: SHB Craig Smajstrla
|
0-0: Called Strike 0-1: Ball 1-1: Ball 2-1: Fly out, F9 (Flyball, 9LM, EV 103.1 MPH)
|
| Bottom of the 5th over - 1 run, 1 hit, 0 errors, 0 left on base; St. Cloud 3 - Sioux Falls 7 |
| TOP OF THE 6TH |
|
St. Cloud Rox batting - Pitching for Sioux Falls Packers : RHP Joe Johnson
|
|
Batting: RHB Domingos Maravilhas
|
0-0: Called Strike 0-1: Foul Ball, location: 2F 0-2: Foul Ball, location: 2F 0-2: Ground out 6-3 (Groundball, 6S, EV 63.1 MPH)
|
|
Batting: RHB Carlos Amezcua
|
0-0: Ground out 3-1 (Groundball, 34, EV 104.4 MPH)
|
|
Batting: RHB Jack Hudson
|
0-0: Swinging Strike 0-1: Fly out, F7 (Flyball, 7, EV 88.8 MPH)
|
| Top of the 6th over - 0 runs, 0 hits, 0 errors, 0 left on base; St. Cloud 3 - Sioux Falls 7 |
| BOTTOM OF THE 6TH |
|
Sioux Falls Packers batting - Pitching for St. Cloud Rox : RHP Thomas Wertz
|
|
Batting: RHB Daniel Gausepohl
|
0-0: Called Strike 0-1: Called Strike 0-2: Ball 1-2: Ball 2-2: Ball 3-2: Foul Ball, location: 2F 3-2: Fly out, F3 (Flyball, 3D, EV 83.1 MPH)
|
|
Batting: RHB Gregory Norman
|
0-0: Ball 1-0: Called Strike 1-1: Ball 2-1: Foul Ball, location: 2F 2-2: Fly out, F8 (Flyball, 8LD, EV 100.6 MPH)
|
|
Pitching: RHP Mike Smith
|
|
|
Batting: RHB Bill Lindsey
|
0-0: Called Strike 0-1: DOUBLE (Groundball, 5L, EV 105.0 MPH)
|
|
Batting: RHB Danny Huffstickler
|
0-0: Ball 1-0: SINGLE (Groundball, 34D, EV 100.0 MPH) Bill Lindsey to third Runner from 3rd tries for Home, SAFE, throw by RF to home
|
|
Batting: RHB Javier Flores
|
0-0: Called Strike 0-1: Ball 1-1: Foul Ball, location: 2F 1-2: Ground out 4-3 (Groundball, 4S, EV 79.4 MPH)
|
| Bottom of the 6th over - 1 run, 2 hits, 0 errors, 1 left on base; St. Cloud 3 - Sioux Falls 8 |
| TOP OF THE 7TH |
|
St. Cloud Rox batting - Pitching for Sioux Falls Packers : RHP Joe Johnson
|
|
Batting: LHB Doran Perdue
|
0-0: Foul Ball, location: 2F 0-1: Foul Ball, location: 2F 0-2: Ball 1-2: Ball 2-2: Ball 3-2: Ground out 6-3 (Groundball, 6, EV 110.0 MPH)
|
|
Batting: RHB Dennis Sherrill
|
0-0: Ground out 6-3 (Groundball, 6MS, EV 65.6 MPH)
|
|
Batting: SHB R J Reynolds
|
0-0: Ball 1-0: Ball 2-0: Ground out 4-3 (Groundball, 4, EV 80.6 MPH)
|
| Top of the 7th over - 0 runs, 0 hits, 0 errors, 0 left on base; St. Cloud 3 - Sioux Falls 8 |
| BOTTOM OF THE 7TH |
|
Sioux Falls Packers batting - Pitching for St. Cloud Rox : RHP Mike Smith
|
|
Batting: RHB Kenneth Clayton
|
0-0: SINGLE (Line Drive, 89M, EV 111.3 MPH)
|
|
Batting: RHB Francisco Perez
|
0-0: Grounds into double play, 6-4-3 (Groundball, 6, EV 105.6 MPH)
|
|
Batting: LHB Michael Robbins
|
0-0: Ball 1-0: Foul Ball, location: 2F 1-1: Swinging Strike 1-2: Strikes out swinging
|
| Bottom of the 7th over - 0 runs, 1 hit, 0 errors, 0 left on base; St. Cloud 3 - Sioux Falls 8 |
| TOP OF THE 8TH |
|
St. Cloud Rox batting - Pitching for Sioux Falls Packers : RHP Joe Johnson
|
|
Batting: LHB Curtis Morgan
|
0-0: Ball 1-0: Foul Ball, location: 2F 1-1: Ball 2-1: SINGLE (Line Drive, 7LS, EV 91.3 MPH)
|
|
Batting: RHB Bill Worden
|
0-0: Swinging Strike 0-1: Ball 1-1: Fly out, F9 (Flyball, 89D, EV 104.4 MPH)
|
|
Batting: RHB Ron Gooch
|
0-0: Ball 1-0: Ball 2-0: Ball 3-0: Called Strike 3-1: Fly out, F8 (Line Drive, 8LM, EV 96.3 MPH)
|
|
Batting: RHB Domingos Maravilhas
|
0-0: Called Strike 0-1: Ball 1-1: Ball 2-1: Ground out 4-3 (Groundball, 4, EV 101.9 MPH)
|
| Top of the 8th over - 0 runs, 1 hit, 0 errors, 1 left on base; St. Cloud 3 - Sioux Falls 8 |
| BOTTOM OF THE 8TH |
|
Sioux Falls Packers batting - Pitching for St. Cloud Rox : RHP Mike Smith
|
|
Batting: SHB Craig Smajstrla
|
0-0: Reached on error, E3 (Groundball, 34, EV 104.4 MPH)
|
|
Batting: RHB Daniel Gausepohl
|
0-0: Ball 1-0: Fly out, F7 (Line Drive, 7, EV 101.9 MPH)
|
|
Batting: RHB Gregory Norman
|
0-0: Ball 1-0: Grounds into double play, 6-4-3 (Groundball, 6, EV 78.1 MPH)
|
| Bottom of the 8th over - 0 runs, 0 hits, 1 error, 0 left on base; St. Cloud 3 - Sioux Falls 8 |
| TOP OF THE 9TH |
|
St. Cloud Rox batting - Pitching for Sioux Falls Packers : RHP Joe Johnson
|
|
Batting: RHB Carlos Amezcua
|
0-0: Ball 1-0: Ground out 4-3 (Groundball, 4, EV 86.9 MPH)
|
|
Now at 2B: Gary Springer
|
|
|
Batting: RHB Jack Hudson
|
0-0: Called Strike 0-1: Foul Ball, location: 2F 0-2: Ball 1-2: Ball 2-2: Ground out 4-3 (Groundball, 4, EV 102.5 MPH)
|
|
Batting: LHB Doran Perdue
|
0-0: TRIPLE (Flyball, 78XD, EV 108.8 MPH)
|
|
Batting: RHB Dennis Sherrill
|
0-0: 2-RUN HOME RUN (Line Drive, 7D, EV 101.9 MPH), Distance : 379 ft
|
|
Pitching: RHP Robert Allen
|
|
|
Batting: SHB R J Reynolds
|
0-0: Ball 1-0: Called Strike 1-1: Called Strike 1-2: Ball 2-2: Ball 3-2: Fly out, F8 (Flyball, 89M, EV 77.5 MPH)
|
| Top of the 9th over - 2 runs, 2 hits, 0 errors, 0 left on base; St. Cloud 5 - Sioux Falls 8 |
|